 Dungeon Crawl Stone Soup version 0.26.0-18-gc5c842f807 (webtiles) character file.

Game seed: 14590262093974743932

133 xSliceyx the Stinger (level 4, -1/30 HPs)
             Began as a Demonspawn Venom Mage on Jan 22, 2021.
             Was a Follower of Ru.
             Slain by a gnoll
             ... wielding a +0 club
              (8 damage)
             ... on level 2 of the Dungeon.
             The game lasted 00:21:37 (2842 turns).

xSliceyx the Stinger (Demonspawn Venom Mage)        Turns: 2842, Time: 00:21:40

Health: -1/30      AC:  2    Str:  8    XL:     4   Next: 93%
Magic:  2/8        EV: 13    Int: 20    God:    Ru [*.....]
Gold:   86         SH:  0    Dex: 13    Spells: 5/8 levels left

rFire    . . .     SeeInvis .   p - +1 short sword (speed)
rCold    . . .     Faith    .   (no shield)
rNeg     + . .     Spirit   .   a - +0 robe
rPois    .         Reflect  .   (no helmet)
rElec    .         Harm     .   (no cloak)
rCorr    .         Rampage  .   (no gloves)
Will     .....                  (no boots)
Stlth    ++........             (no amulet)
HPRegen  0.10/turn              k - ring of positive energy
MPRegen  0.11/turn              (no ring)

@: very slightly contaminated
A: spiny 1, hated by all, big brain 1
a: Renounce Religion


You were on level 2 of the Dungeon.
You worshipped Ru.
Ru was aware of your devotion.
You visited 1 branch of the dungeon, and saw 3 of its levels.

You collected 86 gold pieces.

Inventory:

Hand Weapons
 p - a +1 short sword of speed (weapon)
Missiles
 c - 24 poisoned darts (quivered)
Armour
 a - a +0 robe (worn)
Jewellery
 k - a ring of positive energy (left hand)
 o - an uncursed ring of stealth
Scrolls
 f - 6 scrolls of teleportation {unknown}
 g - 5 scrolls of identify {unknown}
 h - a scroll of magic mapping {unknown}
 l - a scroll of immolation {unknown}
 m - a scroll of enchant armour {unknown}
 q - a scroll of enchant weapon {unknown}
Potions
 b - a potion of attraction {unknown}
 d - 2 potions of heal wounds {unknown}
 e - a potion of haste {unknown}
 i - a potion of brilliance {unknown}
 j - a potion of curing {unknown}
 n - a potion of flight {unknown}


   Skills:
 + Level 2.7 Dodging
 - Level 1.7 Stealth
 + Level 2.9 Spellcasting
 - Level 2.0 Transmutations
 + Level 0.7 Air Magic
 + Level 3.7 Poison Magic


You had 5 spell levels left.
You knew the following spells:

 Your Spells              Type           Power        Failure   Level
a - Sting                 Tmut/Pois      56%          4%          1
b - Poisonous Vapours     Pois/Air       24%          9%          2

Your spell library contained the following spells:

 Spells                   Type           Power        Failure   Level
 Ignite Poison            Fire/Tmut/Pois 10%          19%         3
 Mephitic Cloud           Conj/Pois/Air  8%           24%         3
 Olgreb's Toxic Radiance  Pois           18%          30%         4
 Chain Lightning          Conj/Air       2%           100%        8
 Lehudib's Crystal Spear  Conj/Erth      1%           100%        8
 Absolute Zero            Ice            1%           100%        9
 Fire Storm               Conj/Fire      1%           100%        9


Dungeon Overview and Level Annotations

Branches:
Dungeon (3/15)

Altars:
Ru


Innate Abilities, Weirdness & Mutations

You are partially covered in sharp spines.
You are hated by all.
You have an unusually large brain. (Int +2)


Message History

There is a stone staircase leading down here.
Casting: Sting (safe; 4% risk of failure)
Confirm with . or Enter, or press ? or * to list all spells.
Aiming: Sting (safe; 4% risk of failure)
Press: ? - help, Shift-Dir - straight line, f - gnoll
Aim: a gnoll, wielding a +0 club (25% to evade)
The sting hits the gnoll.
The gnoll is poisoned.
The gnoll is moderately wounded.
The gnoll is struck by your spines. The gnoll hits you with a +0 club!
* * * LOW HITPOINT WARNING * * *
Casting: Sting (safe; 4% risk of failure)
Confirm with . or Enter, or press ? or * to list all spells.
Aiming: Poisonous Vapours (safe; 9% risk of failure)
Press: ? - help, Dir - move target, f/p - gnoll
Aim: a gnoll, wielding a +0 club (heavily wounded, poisoned)
You miscast Poisonous Vapours.
You are very lightly contaminated with residual magic.
Nothing appears to happen.
The gnoll is struck by your spines. The gnoll hits you with a +0 club!
You die...

# #....<.......# #.# #
#.####..#....# #.# #
#.# #.###.#.###.# # #.#
#.# #.#.#.#.#
######.####.# #.#.....#
............###.#.#.###
#####...........#.#.#
#..########g....#
#####..# #####.@...#
#...#..# #.........#
♣.♣.#..# ##.###.....#
#.#.#..###...##.....#
♣.♣...............###
..##..##.#...######
♣.♣....#.##.###
#.##...#.##...########
♣.♣#.....###.........#


You could see a gnoll (poisoned).

Vanquished Creatures
  Robin (D:2)
  2 gnolls (D:3)
  4 adders
  An ooze (D:1)
  A worm (D:2)
  A dart slug (D:1)
  3 leopard geckos
  An orc (D:3)
  4 bats
  3 giant cockroaches
  14 goblins
  5 hobgoblins
  3 jackals (D:1)
  5 kobolds
  2 frilled lizards
  4 rats
54 creatures vanquished.

Vanquished Creatures (others)
  A plant (D:1)
1 creature vanquished.

Grand Total: 55 creatures vanquished

Notes
Turn   | Place    | Note
-------+----------+-------------------------------------------
     0 | D:1      | xSliceyx the Demonspawn Venom Mage began the quest for the
                  | Orb.
     0 | D:1      | Reached XP level 1. HP: 13/13 MP: 3/3
    80 | D:1      | Reached skill level 1 in Transmutations
   442 | D:1      | Gained mutation: You are partially covered in sharp spines.
                  | [demonic ancestry]
   442 | D:1      | Reached XP level 2. HP: 3/19 MP: 0/5
   836 | D:1      | Learned a level 2 spell: Poisonous Vapours
  1152 | D:1      | Reached XP level 3. HP: 24/24 MP: 3/6
  1727 | D:2      | Found a faded altar of an unknown god.
  1729 | D:2      | Noticed Robin
  1755 | D:2      | Killed Robin
  1756 | D:2      | Gained mutation: You have an unusually large brain. (Int
                  | +2) [demonic ancestry]
  1756 | D:2      | Reached XP level 4. HP: 8/30 MP: 0/7
  2332 | D:2      | Became a worshipper of Ru the Awakened
  2347 | D:2      | Gained mutation: You are hated by all. [Ru sacrifice]
  2347 | D:2      | Reached * piety under Ru
  2842 | D:2      | Slain by a gnoll

Illustrated notes

Levels and vault maps discovered:
D:1:      matt_arrival_diagonals, layout_loops_ring, serial_bayou_lagoon_a,
          minmay_nonomino_d4
D:2:      layout_loops_ring, chequers_ecumenical_altar_simple_redux,
          serial_forest, infiniplex_forest_lined_3_way, infiniplex_forest_end_2,
          infiniplex_forest_lined_3_way, infiniplex_forest_lined_ring,
          infiniplex_forest_lined_ring, uniq_robin
D:3:      layout_rooms, gammafunk_temple_overflow_elements, uniq_jessica

Skill      XL: |  1  2  3  4 |
---------------+-------------+-----
Transmutations | 1 2 |  2.0
Dodging        | 2 |  2.7
Stealth        | |  1.7
Spellcasting   | |  2.9
Air Magic      | |  0.7
Poison Magic   | |  3.7

Action                   |  1- 3 |  4- 6 || total
-------------------------+-------+-------++-------
Melee: Unarmed           |    13 |       ||    13
       Dagger            |     8 |       ||     8
       Short sword       |    14 |    17 ||    31
Throw: Dart              |    16 |     4 ||    20
 Cast: Sting             |    46 |    22 ||    68
       Poisonous Vapours |     1 |     4 ||     5
Invok: Sacrifice Love    |       |     1 ||     1
 Stab: Distracted        |       |     1 ||     1
Armor: Robe              |    14 |     3 ||    17
Dodge: Dodged            |    46 |    14 ||    60
